AA
SAN FRANCISCO SEALS @ LAWRENCE PATRIOTS
07/13/2060
 
TOP OF THE 1ST
San Francisco Seals batting - Pitching for Lawrence Patriots : RHP Troy Ivanichev
Pitching: RHP Troy Ivanichev
Batting: RHB Justen Roman 0-0: Foul Ball, location: 2F
0-1: Swinging Strike
0-2: Ball
1-2: Ball
2-2: Fly out, F9 (Flyball, 89D, EV 101.9 MPH)
Batting: RHB Kyle Phipps 0-0: Called Strike
0-1: Called Strike
0-2: Ball
1-2: Foul Ball, location: 2F
1-2: Foul Ball, location: 2F
1-2: DOUBLE (Line Drive, 89D, EV 93.1 MPH)
Batting: RHB J.P. Buffolino 0-0: Ball
1-0: Fly out, F8 (Flyball, 8RXD, EV 88.1 MPH)
Runner from 2nd tags up, SAFE at 3rd, no throw by CF
Batting: LHB Kurtis Schell 0-0: Called Strike
0-1: Ball
1-1: DOUBLE (Flyball, 89D, EV 111.9 MPH)
Kyle Phipps scores
Batting: RHB Trystan Didkowsky 0-0: Ball
1-0: Fly out, F9 (Flyball, 89D, EV 96.9 MPH)
Top of the 1st over - 1 run, 2 hits, 0 errors, 1 left on base; San Francisco 1 - Lawrence 0
BOTTOM OF THE 1ST
Lawrence Patriots batting - Pitching for San Francisco Seals : LHP Brian Malooly
Pitching: LHP Brian Malooly
Batting: RHB Vin Edwards 0-0: DOUBLE (Line Drive, 8LD, EV 105.0 MPH)
Batting: LHB Christopher Gabbard 0-0: Hit by Pitch
Batting: SHB Kaleb Biggs 0-0: Foul Ball, location: 2F
0-1: Ball
1-1: Foul Ball, location: 2F
1-2: Ball
2-2: Ball
3-2: Foul Ball, location: 2F
3-2: SINGLE (Flyball, 8RS, EV 88.8 MPH)
Vin Edwards to third
Christopher Gabbard to second
Batting: RHB Obie Simbolon 0-0: Ball
1-0: Ball
2-0: Swinging Strike
2-1: Ball
3-1: Base on Balls
Vin Edwards scores
Christopher Gabbard to third
Kaleb Biggs to second
Batting: LHB Mort Simbolon 0-0: Ball
1-0: Ball
2-0: Ball
3-0: Swinging Strike
3-1: Foul Ball, location: 2F
3-2: Grounds out, U3 (Groundball, 3L, EV 108.8 MPH)
Christopher Gabbard scores
Kaleb Biggs to third
Batting: LHB Trevon Morgan 0-0: Foul Ball, location: 2F
0-1: Ball
1-1: Ground out 6-3 (Groundball, 6, EV 96.2 MPH)
Kaleb Biggs scores
Batting: SHB Evan Telano 0-0: Called Strike
0-1: Ball
1-1: Ball
2-1: Ball
3-1: Base on Balls
Batting: LHB Andy Hendricks 0-0: Hit by Pitch
Obie Simbolon to third
Evan Telano to second
Batting: RHB LeVar Rais 0-0: Fly out, F7 (Flyball, 7, EV 90.0 MPH)
Bottom of the 1st over - 3 runs, 2 hits, 0 errors, 3 left on base; San Francisco 1 - Lawrence 3
TOP OF THE 2ND
San Francisco Seals batting - Pitching for Lawrence Patriots : RHP Troy Ivanichev
Batting: RHB Landon Dyer 0-0: Ball
1-0: Fly out, F3 (Popup, 23F, EV 84.4 MPH)
Batting: RHB Tristin Hamada 0-0: Ball
1-0: Swinging Strike
1-1: Swinging Strike
1-2: Ground out U3 (Groundball, 13, EV 83.8 MPH)
Batting: LHB Cullen Bradford 0-0: Called Strike
0-1: Swinging Strike
0-2: Strikes out looking
Top of the 2nd over - 0 runs, 0 hits, 0 errors, 0 left on base; San Francisco 1 - Lawrence 3
BOTTOM OF THE 2ND
Lawrence Patriots batting - Pitching for San Francisco Seals : LHP Brian Malooly
Batting: RHB Vin Edwards 0-0: Called Strike
0-1: Foul Ball, location: 2F
0-2: Ball
1-2: Ball
2-2: Foul Ball, location: 2F
2-2: Strikes out swinging
Batting: LHB Christopher Gabbard 0-0: Ground out 3-1 (Groundball, 34, EV 101.9 MPH)
Batting: SHB Kaleb Biggs 0-0: Ball
1-0: Ball
2-0: SINGLE (Line Drive, 9S, EV 97.5 MPH)
Batting: RHB Obie Simbolon 0-0: Ball
1-0: Called Strike
1-1: Called Strike
1-2: Ground out U3 (Groundball, 3, EV 101.2 MPH)
Bottom of the 2nd over - 0 runs, 1 hit, 0 errors, 1 left on base; San Francisco 1 - Lawrence 3
TOP OF THE 3RD
San Francisco Seals batting - Pitching for Lawrence Patriots : RHP Troy Ivanichev
Batting: RHB Braden Coleman 0-0: Swinging Strike
0-1: Ball
1-1: Ball
2-1: Foul Ball, location: 2F
2-2: Ball
3-2: Foul Ball, location: 2F
3-2: Base on Balls
Batting: RHB Justen Roman 0-0: Ball
1-0: Called Strike
1-1: Foul Ball, location: 2F
1-2: Ball
2-2: Ball
3-2: Base on Balls
Braden Coleman to second
Batting: RHB Kyle Phipps 0-0: Ball
1-0: Ball
2-0: Called Strike
2-1: Called Strike
2-2: Foul Ball, location: 2F
2-2: Ball
3-2: Base on Balls
Braden Coleman to third
Justen Roman to second
Batting: RHB J.P. Buffolino 0-0: Fly out, F8 (Flyball, 78D, EV 101.9 MPH)
Runner from 3rd tags up, SCORES, throw by CF
Justen Roman to third
Batting: LHB Kurtis Schell 0-0: Called Strike
0-1: Called Strike
0-2: Fly out, F9 (Line Drive, 9, EV 101.2 MPH)
Runner from 3rd tags up, SCORES, no throw by RF
Batting: RHB Trystan Didkowsky 0-0: Called Strike
0-1: Ball
Kyle Phipps steals 2nd base
1-1: Foul Ball, location: 2F
1-2: Ball
2-2: SINGLE (Line Drive, 89S, EV 103.1 MPH)
Kyle Phipps to third
Runner from 3rd tries for Home, SAFE, throw by CF to home
Trystan Didkowsky to second
Batting: RHB Landon Dyer 0-0: Ball
1-0: Called Strike
1-1: Swinging Strike
1-2: Strikes out swinging
Top of the 3rd over - 3 runs, 1 hit, 0 errors, 1 left on base; San Francisco 4 - Lawrence 3
BOTTOM OF THE 3RD
Lawrence Patriots batting - Pitching for San Francisco Seals : LHP Brian Malooly
Batting: LHB Mort Simbolon 0-0: Foul Ball, location: 2F
0-1: Ball
1-1: Foul Ball, location: 2F
1-2: Foul Ball, location: 2F
1-2: Foul Ball, location: 2F
1-2: Ball
2-2: Strikes out swinging, 2-3 out at first.
Batting: LHB Trevon Morgan 0-0: Called Strike
0-1: Foul Ball, location: 2F
0-2: Ground out 4-3 (Groundball, 4, EV 86.2 MPH)
Batting: SHB Evan Telano 0-0: Ball
1-0: Ground out 5-3 (Groundball, 56, EV 81.9 MPH)
Bottom of the 3rd over - 0 runs, 0 hits, 0 errors, 0 left on base; San Francisco 4 - Lawrence 3
TOP OF THE 4TH
San Francisco Seals batting - Pitching for Lawrence Patriots : RHP Troy Ivanichev
Batting: RHB Tristin Hamada 0-0: Foul Ball, location: 2F
0-1: Ground out 5-3 (Groundball, 5, EV 103.8 MPH)
Batting: LHB Cullen Bradford 0-0: Ball
1-0: Ball
2-0: Ball
3-0: Base on Balls
Batting: RHB Braden Coleman 0-0: Ball
1-0: Called Strike
1-1: Ball
2-1: Swinging Strike
2-2: Grounds into double play, 6-4-3 (Groundball, 6, EV 80.6 MPH)
Top of the 4th over - 0 runs, 0 hits, 0 errors, 0 left on base; San Francisco 4 - Lawrence 3
BOTTOM OF THE 4TH
Lawrence Patriots batting - Pitching for San Francisco Seals : LHP Brian Malooly
Batting: LHB Andy Hendricks 0-0: Foul Ball, location: 2F
0-1: Foul Ball, location: 2F
0-2: Fly out, F6 (Line Drive, 6, EV 67.5 MPH)
Batting: RHB LeVar Rais 0-0: Foul Ball, location: 2F
0-1: Ball
1-1: Ball
2-1: SINGLE (Groundball, 2L, EV 74.4 MPH) (infield hit)
Batting: RHB Vin Edwards 0-0: Called Strike
0-1: Called Strike
0-2: Strikes out looking
Batting: LHB Christopher Gabbard 0-0: SINGLE (Groundball, 4MD, EV 96.9 MPH)
LeVar Rais to second
Runner from 2nd tries for 3rd, SAFE, throw by CF made to third
Batting: SHB Kaleb Biggs 0-0: Ball
1-0: SINGLE (Groundball, 6D, EV 95.6 MPH)
LeVar Rais scores
Christopher Gabbard to second
Batting: RHB Obie Simbolon 0-0: Ball
1-0: Ball
2-0: Called Strike
2-1: Foul Ball, location: 2F
2-2: Foul Ball, location: 2F
2-2: Ball
3-2: Ground out 6-3 (Groundball, 6, EV 83.1 MPH)
Bottom of the 4th over - 1 run, 3 hits, 0 errors, 2 left on base; San Francisco 4 - Lawrence 4
TOP OF THE 5TH
San Francisco Seals batting - Pitching for Lawrence Patriots : RHP Troy Ivanichev
Batting: RHB Justen Roman 0-0: Called Strike
0-1: Ball
1-1: Ball
2-1: Foul Ball, location: 2F
2-2: Ball
3-2: Foul Ball, location: 2F
3-2: Foul Ball, location: 2F
3-2: Base on Balls
Batting: RHB Kyle Phipps 0-0: Called Strike
Justen Roman steals 2nd base
0-1: Ball
1-1: Ball
2-1: Foul Ball, location: 2F
2-2: Strikes out swinging
Batting: RHB J.P. Buffolino 0-0: Called Strike
Justen Roman is caught stealing 3rd base 2-5
0-1: DOUBLE (Flyball, 8LXD, EV 105.0 MPH)
Batting: LHB Kurtis Schell 0-0: Ball
1-0: Swinging Strike
1-1: Called Strike
1-2: Ball
2-2: Foul Ball, location: 2F
2-2: Foul Ball, location: 2F
2-2: Ball
Wild Pitch!
J.P. Buffolino to third
3-2: Base on Balls
Batting: RHB Trystan Didkowsky 0-0: Foul Ball, location: 2F
0-1: Swinging Strike
0-2: Strikes out swinging
Top of the 5th over - 0 runs, 1 hit, 0 errors, 2 left on base; San Francisco 4 - Lawrence 4
BOTTOM OF THE 5TH
Lawrence Patriots batting - Pitching for San Francisco Seals : LHP Brian Malooly
Batting: LHB Mort Simbolon 0-0: Ball
1-0: Ball
2-0: Called Strike
2-1: SINGLE (Line Drive, 7S, EV 97.5 MPH)
Batting: LHB Trevon Morgan 0-0: Bunted foul
0-1: Bunted foul
0-2: Fly out, F8 (Flyball, 8LM, EV 83.1 MPH)
Batting: SHB Evan Telano 0-0: Ground out 4-3 (Groundball, 34S, EV 93.8 MPH)
Mort Simbolon to second
Batting: LHB Andy Hendricks 0-0: Ball
1-0: Fly out, F5 (Popup, 56S, EV 81.2 MPH)
Bottom of the 5th over - 0 runs, 1 hit, 0 errors, 1 left on base; San Francisco 4 - Lawrence 4
TOP OF THE 6TH
San Francisco Seals batting - Pitching for Lawrence Patriots : RHP Troy Ivanichev
Batting: RHB Landon Dyer 0-0: Ball
1-0: Foul Ball, location: 2F
1-1: Ball
2-1: Foul Ball, location: 2F
2-2: Foul Ball, location: 2F
2-2: Foul Ball, location: 2F
2-2: Foul Ball, location: 2F
2-2: Strikes out swinging, 2-3 out at first.
Batting: RHB Tristin Hamada 0-0: Ground out 6-3 (Groundball, 6, EV 91.9 MPH)
Batting: LHB Cullen Bradford 0-0: Ball
1-0: Foul Ball, location: 2F
1-1: Ball
2-1: Ball
3-1: SINGLE (Line Drive, 34D, EV 98.8 MPH)
Pitching: RHP Landon Nuss
Batting: RHB Braden Coleman 0-0: Called Strike
Cullen Bradford is caught stealing 2nd base 2-4
Top of the 6th over - 0 runs, 1 hit, 0 errors, 0 left on base; San Francisco 4 - Lawrence 4
BOTTOM OF THE 6TH
Lawrence Patriots batting - Pitching for San Francisco Seals : LHP Brian Malooly
Batting: RHB LeVar Rais 0-0: DOUBLE (Groundball, 3L, EV 110.0 MPH)
Batting: RHB Vin Edwards 0-0: Swinging Strike
0-1: Foul Ball, location: 2F
0-2: Ball
1-2: Strikes out swinging
Batting: LHB Christopher Gabbard 0-0: Called Strike
0-1: Swinging Strike
0-2: Ball
1-2: Foul Ball, location: 2F
1-2: Ball
2-2: Foul Ball, location: 2F
2-2: Strikes out swinging
Batting: SHB Kaleb Biggs 0-0: Ball
1-0: Ball
2-0: Ball
3-0: Base on Balls
Batting: RHB Obie Simbolon 0-0: Ball
Balk!
LeVar Rais to third
Kaleb Biggs to second
1-0: Ball
2-0: Swinging Strike
2-1: SINGLE (Groundball, 34S, EV 65.6 MPH) (infield hit)
LeVar Rais scores
Kaleb Biggs to third
Batting: LHB Mort Simbolon 0-0: Called Strike
0-1: Ball
1-1: Foul Ball, location: 2F
1-2: Foul Ball, location: 2F
1-2: Strikes out swinging
Bottom of the 6th over - 1 run, 2 hits, 0 errors, 2 left on base; San Francisco 4 - Lawrence 5
TOP OF THE 7TH
San Francisco Seals batting - Pitching for Lawrence Patriots : RHP Landon Nuss
Batting: RHB Braden Coleman 0-0: Ball
1-0: Ground out 4-3 (Groundball, 4, EV 86.9 MPH)
Batting: RHB Justen Roman 0-0: Ball
1-0: Swinging Strike
1-1: Foul Ball, location: 2F
1-2: Strikes out swinging
Batting: RHB Kyle Phipps 0-0: SOLO HOME RUN (Flyball, 7D, EV 105.6 MPH), Distance : 394 ft
Batting: RHB J.P. Buffolino 0-0: DOUBLE (Line Drive, 89D, EV 105.0 MPH)
Batting: LHB Kurtis Schell 0-0: Swinging Strike
0-1: Foul Ball, location: 2F
0-2: Strikes out swinging
Top of the 7th over - 1 run, 2 hits, 0 errors, 1 left on base; San Francisco 5 - Lawrence 5
BOTTOM OF THE 7TH
Lawrence Patriots batting - Pitching for San Francisco Seals : LHP Brian Malooly
Pitching: LHP Trevence Yang
Batting: LHB Trevon Morgan 0-0: Ball
1-0: Ball
2-0: Swinging Strike
2-1: Swinging Strike
2-2: Ball
3-2: Foul Ball, location: 2F
3-2: SINGLE (Line Drive, 89M, EV 106.9 MPH)
Batting: SHB Evan Telano 0-0: Sac Bunt to 25 - play at first, batter safe!
Trevon Morgan to second
Batting: LHB Andy Hendricks 0-0: Called Strike
0-1: Foul Ball, location: 2F
0-2: Foul Ball, location: 2F
0-2: Ball
1-2: Foul Ball, location: 2F
1-2: SINGLE (Groundball, 4MD, EV 107.5 MPH)
Trevon Morgan to third
Evan Telano to second
Batting: RHB LeVar Rais 0-0: Ball
1-0: Grounds into fielders choice 1-2 (Groundball, 13S, EV 64.4 MPH)
Evan Telano to third
Andy Hendricks to second
Batting: RHB Vin Edwards 0-0: Called Strike
0-1: Swinging Strike
0-2: Ball
1-2: Fly out, F9 (Line Drive, 9, EV 86.9 MPH)
Batting: LHB Christopher Gabbard 0-0: Called Strike
0-1: Called Strike
0-2: Ball
1-2: Ball
2-2: Ball
3-2: Strikes out swinging
Bottom of the 7th over - 0 runs, 3 hits, 0 errors, 3 left on base; San Francisco 5 - Lawrence 5
TOP OF THE 8TH
San Francisco Seals batting - Pitching for Lawrence Patriots : RHP Landon Nuss
Pinch Hitting: RHB Lee O'Connor 0-0: Called Strike
0-1: Called Strike
0-2: Ball
1-2: Foul Ball, location: 2F
1-2: Ball
2-2: Ball
3-2: Ground out 6-3 (Groundball, 6, EV 88.8 MPH)
Batting: RHB Landon Dyer 0-0: Foul Ball, location: 2F
0-1: Fly out, F8 (Flyball, 78S, EV 85.6 MPH)
Pinch Hitting: LHB Brian Kohman 0-0: Called Strike
0-1: Ball
1-1: Called Strike
1-2: Ball
2-2: Ball
3-2: Fly out, F7 (Flyball, 7, EV 90.6 MPH)
Top of the 8th over - 0 runs, 0 hits, 0 errors, 0 left on base; San Francisco 5 - Lawrence 5
BOTTOM OF THE 8TH
Lawrence Patriots batting - Pitching for San Francisco Seals : LHP Trevence Yang
Now at 2B: Cameron Allen
Now at 3B: Devon Roberson
Now at SS: Cullen Bradford
Batting: SHB Kaleb Biggs 0-0: Called Strike
0-1: Foul Ball, location: 2F
0-2: Ball
1-2: Fly out, F9 (Flyball, 89S, EV 79.4 MPH)
Pitching: RHP Jeremy Fritzinger
Pinch Hitting: LHB Kenny Jackson 0-0: Foul Ball, location: 2F
0-1: Ball
1-1: Called Strike
1-2: Foul Ball, location: 2F
1-2: Ball
2-2: Foul Ball, location: 2F
2-2: SINGLE (Groundball, 4D, EV 96.9 MPH)
Batting: LHB Mort Simbolon 0-0: Ball
1-0: Fly out, F9 (Flyball, 9, EV 90.6 MPH)
Batting: LHB Trevon Morgan 0-0: Ground out 4-3 (Groundball, 4, EV 88.1 MPH)
Bottom of the 8th over - 0 runs, 1 hit, 0 errors, 1 left on base; San Francisco 5 - Lawrence 5
TOP OF THE 9TH
San Francisco Seals batting - Pitching for Lawrence Patriots : RHP Landon Nuss
Now in CF: Jansen Stites
Batting: LHB Cullen Bradford 0-0: Ball
1-0: Fly out, F7 (Flyball, 7LSF, EV 77.5 MPH)
Batting: RHB Braden Coleman 0-0: Ball
1-0: Foul Ball, location: 2F
1-1: Fly out, F8 (Flyball, 8RM, EV 86.9 MPH)
Batting: RHB Justen Roman 0-0: Called Strike
0-1: Swinging Strike
0-2: Ball
1-2: Strikes out swinging
Top of the 9th over - 0 runs, 0 hits, 0 errors, 0 left on base; San Francisco 5 - Lawrence 5
BOTTOM OF THE 9TH
Lawrence Patriots batting - Pitching for San Francisco Seals : RHP Jeremy Fritzinger
Batting: SHB Evan Telano 0-0: Ball
1-0: Called Strike
1-1: Foul Ball, location: 2F
1-2: Ball
2-2: SINGLE (Groundball, 4MS, EV 77.5 MPH) (infield hit)
Batting: LHB Andy Hendricks 0-0: Ball
1-0: Ball
2-0: Foul Ball, location: 2F
2-1: Called Strike
Evan Telano is caught stealing 2nd base 2-6
2-2: Ball
3-2: SINGLE (Flyball, 5D, EV 93.1 MPH)
Batting: RHB LeVar Rais 0-0: Called Strike
0-1: Foul Ball, location: 2F
0-2: Strikes out looking
Batting: RHB Vin Edwards 0-0: Fly out, F7 (Flyball, 78D, EV 86.2 MPH)
Bottom of the 9th over - 0 runs, 2 hits, 0 errors, 1 left on base; San Francisco 5 - Lawrence 5
TOP OF THE 10TH
San Francisco Seals batting - Pitching for Lawrence Patriots : RHP Landon Nuss
Pitching: LHP Cody Hoagland
Batting: RHB Kyle Phipps 0-0: Reached on error, E4 (Groundball, 4, EV 92.5 MPH)
Batting: RHB J.P. Buffolino 0-0: Ball
1-0: Ball
2-0: Ball
3-0: Called Strike
3-1: Base on Balls
Kyle Phipps to second
Batting: LHB Kurtis Schell 0-0: Called Strike
0-1: Foul Ball, location: 2F
0-2: Strikes out swinging
Batting: RHB Devon Roberson 0-0: Ball
1-0: Ball
2-0: Called Strike
2-1: Called Strike
2-2: Foul Ball, location: 2F
2-2: Foul Ball, location: 2F
2-2: Ball
3-2: Foul Ball, location: 2F
3-2: SINGLE (Groundball, 25, EV 68.1 MPH) (infield hit)
Kyle Phipps to third
J.P. Buffolino to second
Batting: RHB Landon Dyer 0-0: Ball
1-0: Ball
2-0: Fly out, F8 (Flyball, 8RM, EV 91.9 MPH)
Batting: RHB Cameron Allen 0-0: Fielders Choice at 2nd, 6-4 (Groundball, 6, EV 79.4 MPH)
Top of the 10th over - 0 runs, 1 hit, 1 error, 3 left on base; San Francisco 5 - Lawrence 5
BOTTOM OF THE 10TH
Lawrence Patriots batting - Pitching for San Francisco Seals : RHP Jeremy Fritzinger
Batting: LHB Christopher Gabbard 0-0: Fly out, F7 (Line Drive, 78M, EV 91.9 MPH)
Batting: SHB Kaleb Biggs 0-0: Called Strike
0-1: Foul Ball, location: 2F
0-2: Ground out 6-3 (Groundball, 6, EV 101.9 MPH)
Batting: LHB Jansen Stites 0-0: Swinging Strike
0-1: Ball
1-1: SINGLE (Groundball, 56D, EV 101.2 MPH)
Batting: LHB Mort Simbolon 0-0: Ball
1-0: Ball
2-0: Called Strike
2-1: Swinging Strike
2-2: Foul Ball, location: 2F
2-2: Fly out, F7 (Line Drive, 78M, EV 108.1 MPH)
Bottom of the 10th over - 0 runs, 1 hit, 0 errors, 1 left on base; San Francisco 5 - Lawrence 5
TOP OF THE 11TH
San Francisco Seals batting - Pitching for Lawrence Patriots : LHP Cody Hoagland
Batting: LHB Cullen Bradford 0-0: Ball
1-0: Ground out 4-3 (Groundball, 4, EV 79.4 MPH)
Batting: RHB Braden Coleman 0-0: Ball
1-0: Foul Ball, location: 2F
1-1: Foul Ball, location: 2F
1-2: Foul Ball, location: 2F
1-2: SINGLE (Groundball, 34D, EV 95.6 MPH)
Batting: RHB Justen Roman 0-0: DOUBLE (Line Drive, 89D, EV 94.4 MPH)
Braden Coleman to third
Batting: RHB Kyle Phipps 0-0: Swinging Strike
0-1: Called Strike
0-2: Ball
1-2: Strikes out swinging
Batting: RHB J.P. Buffolino 0-0: Intentional Walk
Batting: LHB Kurtis Schell 0-0: Ball
1-0: Foul Ball, location: 2F
1-1: Ball
2-1: Foul Ball, location: 2F
2-2: Foul Ball, location: 2F
2-2: Foul Ball, location: 2F
2-2: Ball
3-2: Foul Ball, location: 2F
3-2: Strikes out looking
Top of the 11th over - 0 runs, 2 hits, 0 errors, 3 left on base; San Francisco 5 - Lawrence 5
BOTTOM OF THE 11TH
Lawrence Patriots batting - Pitching for San Francisco Seals : RHP Jeremy Fritzinger
Batting: LHB Trevon Morgan 0-0: Called Strike
0-1: Fly out, F8 (Flyball, 8LD, EV 81.2 MPH)
Batting: SHB Evan Telano 0-0: Called Strike
0-1: Swinging Strike
0-2: Fly out, F9 (Flyball, 89M, EV 88.8 MPH)
Batting: LHB Andy Hendricks 0-0: Called Strike
0-1: Called Strike
0-2: Ball
1-2: Strikes out swinging
Bottom of the 11th over - 0 runs, 0 hits, 0 errors, 0 left on base; San Francisco 5 - Lawrence 5
TOP OF THE 12TH
San Francisco Seals batting - Pitching for Lawrence Patriots : LHP Cody Hoagland
Pitching: LHP Kolby Wells
Batting: RHB Devon Roberson 0-0: Foul Ball, location: 2F
0-1: Called Strike
0-2: Strikes out looking
Batting: RHB Landon Dyer 0-0: Called Strike
0-1: Ball
1-1: Foul Ball, location: 2F
1-2: Ball
2-2: Strikes out looking
Batting: RHB Cameron Allen 0-0: Ball
1-0: Ball
2-0: Foul Ball, location: 2F
2-1: Ground out 6-3 (Groundball, 56, EV 89.4 MPH)
Top of the 12th over - 0 runs, 0 hits, 0 errors, 0 left on base; San Francisco 5 - Lawrence 5
BOTTOM OF THE 12TH
Lawrence Patriots batting - Pitching for San Francisco Seals : RHP Jeremy Fritzinger
Batting: RHB LeVar Rais 0-0: DOUBLE (Line Drive, 3D, EV 103.1 MPH)
Batting: RHB Vin Edwards 0-0: Ball
1-0: SINGLE (Groundball, 6D, EV 96.9 MPH)
LeVar Rais to third
Batting: LHB Christopher Gabbard 0-0: Ball
1-0: Ball
2-0: Foul Ball, location: 2F
2-1: SINGLE (Flyball, 78S, EV 95.6 MPH)
LeVar Rais scores
Bottom of the 12th over - 1 run, 3 hits, 0 errors, 1 left on base; San Francisco 5 - Lawrence 6
Friday, May 17th , 2024 - OOTP Baseball 23.10 Build 110